Unix NetHack Version 3.7.0-50 Work-in-progress - last build Feb 28 2022 15:24:21 (b377c2836c43ebb0b7db9ce427581073a701f771,branch:master). Game began 2022-03-01 18:30:29, ended 2022-03-01 18:35:41. wbn, chaotic female human Rogue ... .<.. ..%. ..%. ..--..@ ..--.^.. -..-- ... -........ ......... .......-- .......| ......-- ......- ...... --.-- --- Wbn the Cutpurse St:14 Dx:18 Co:9 In:13 Wi:9 Ch:12 Chaotic S:263 Dlvl:3 $:3 HP:0(27) Pw:10(10) AC:7 Xp:3/40 T:323 Blind Deaf Latest messages: You kill the gnome! You see here a gnome corpse. You see here a gnome corpse. You hear crashing rock. You kill the gnome! You are momentarily blinded by a flash of light! You hear a deafening roar! Where do you want to travel to? (For instructions type a '?') Wait! There's something there you can't see! It hits! It bites! It bites! It bites! Autopickup: ON, for all objects. Autopickup: OFF. What do you want to write with? [- abh or ?*] ? What do you want to write with? [- abh or ?*] a You engrave in the floor with a +0 short sword (weapon in hand). What do you want to engrave in the floor here? Elbereth Your short sword gets dull. It hits! You stop engraving. It bites! It bites! It bites! It just misses! It bites! It bites! It bites! What do you want to write with? [- abh or ?*] - You cannot wipe out the message that is engraved in the floor here. It just misses! It bites! It misses! You kill it! Welcome to experience level 3. It bites! It bites! It bites! Wait! There's something there you can't see! It bites! It bites! It bites! You die... Do you want your possessions identified? [ynq] (y) y Do you want to see your attributes? [ynq] (y) y Do you want an account of creatures vanquished? [ynaq] (y) y Do you want to see your conduct and achievements? [ynq] (y) y Do you want to see the dungeon overview? [ynq] (y) y Major events: Turn 1: wbn the chaotic female human Rogue entered the dungeon 70: hit with a wielded weapon for the first time 70: killed for the first time 206: entered new level 2, The Dungeons of Doom 289: entered new level 1, The Gnomish Mines 289: entered the Gnomish Mines 291: gained experience level 2 318: became literate by engraving "Elbereth" 321: attained the rank of Cutpurse (level 3) Inventory: Coins $ - 3 gold pieces Weapons b - 15 +0 daggers (alternate weapons; not wielded) h - a +0 orcish dagger a - a -1 short sword (weapon in hand) Armor c - a blessed +1 leather armor (being worn) Comestibles i - 2 cursed rotten tins of fox meat Potions d - an uncursed potion of sickness Tools f - an empty uncursed sack g - an expensive camera (0:45) e - an uncursed lock pick Wbn the Rogue's attributes: Background: You were a Cutpurse, a level 3 female human Rogue. You were chaotic, on a mission for Kos who was opposed by Issek (lawful) and Mog (neutral). You were in the Gnomish Mines, on level 3. You entered the dungeon 323 turns ago. You had 40 experience points, 40 more were needed to attain level 4. Your score was 263 before end-of-game adjustments. Basics: You had 0 out of 27 hit points. You had all 10 energy points (spell power). Your armor class was 7. Your wallet contained 3 zorkmids. Autopickup was off. Final Characteristics: Your strength was 14 (limit:18/100). Your dexterity was 18 (limit:18). Your constitution was 9 (limit:18). Your intelligence was 13 (limit:18). Your wisdom was 9 (limit:18). Your charisma was 12 (limit:18). Final Status: You were temporarily blind. You were deaf. You were not hungry. You were unencumbered. You were wielding a short sword. You had basic skill with short sword. Final Attributes: You were fervently aligned. You were stealthy. You were warded. You are dead. Miscellaneous: You never encountered a bones level. Total elapsed playing time was 5 minutes and 11 seconds. Vanquished creatures: 5 gnomes a kobold 2 goblins 2 sewer rats a newt 11 creatures vanquished. No species were genocided or became extinct. Voluntary challenges: You went without food. You were an atheist. You read items or engraved 1 time. You never engraved Elbereth. You never genocided any monsters. You never polymorphed an object. You never changed form. You used no wishes. Achievements: You entered the Gnomish Mines. You attained the rank of Cutpurse. The Dungeons of Doom: levels 1 to 2 Level 1: A fountain. Level 2: A grave. Stairs down to The Gnomish Mines. The Gnomish Mines: Level 3: <- You were here. Final resting place for you, killed by a jackal. Game over: ---------- / \ / REST \ / IN \ / PEACE \ / \ | wbn | | 3 Au | | killed by a | | jackal | | | | | | 2022 | *| * * * | * _________)/\\_//(\/(/\)/\//\/|_)_______ Goodbye wbn the Rogue... You died in The Gnomish Mines on dungeon level 3 with 263 points, and 3 pieces of gold, after 323 moves. You were level 3 with a maximum of 27 hit points when you died.